Map: Catalyst LE

Players

SALTKING - Winner!

  • Race: Protoss Protoss
  • League: Master
  • Spawn Location: 11:00

Gannicus

  • Race: Zerg Zerg
  • Spawn Location: 5:00

VOD

Have the link to the VOD?

Description

2 base, 2 Immortal, Warp prism, Adept all in

Time

  • Played on: Aug. 10, 2018, 11:42 a.m.
  • Length: 6:12
Show
View Real Time Build Order
Export as new Build Order

SALTKING Protoss - Winner!

Build Orders: 1 Gate Expand 

Get SALT Encoding   

  12  0:01  Probe  
  13  0:13  Probe  
  14  0:21  Pylon  
  14  0:25  Probe  
  15  0:35  Probe  
  16  0:43  Probe  
  16  0:45  Gateway  
  17  0:54  Probe  
  17  0:56  Assimilator  
  18  1:03  Probe  
  19  1:11  Probe  
  20  1:20  Probe  
  21  1:31  Nexus  
  21  1:38  Cybernetics Core  
  21  1:41  Probe  
  22  1:51  Assimilator  
  22  1:54  Probe  
  23  1:56  Pylon  
  23  2:10  Adept  
  23  2:14  Probe  
  26  2:24  Warp Gate  
  26  2:26  Probe  
  26  2:28  Robotics Facility  
  27  2:38  Probe  
  27  2:39  Probe  
  27  2:41  Adept  
  31  2:47  Probe  
  31  2:50  Probe  
  33  2:57  Probe  
  34  3:05  Immortal  
  34  3:12  Probe  
  35  3:13  Probe  
  40  3:21  Pylon  
  40  3:24  Probe, Gateway  
  40  3:25  Probe  
  42  3:31  Gateway  
  42  3:36  Probe  
  43  3:42  Probe  
  44  3:49  Probe  
  44  3:52  Immortal  
  43  3:56  Probe  
  43  4:01  Probe  
  49  4:03  Adept  
  49  4:08  Probe  
  49  4:09  Shield Battery  
  50  4:13  Probe  
  50  4:15  Gateway  
  51  4:17  Gateway  
  51  4:19  Gateway  
  51  4:21  Warp Prism  
  51  4:24  Gateway  
  53  4:37  Pylon  
  53  4:40  Pylon  
  53  4:41  Pylon  
  53  4:51  Immortal  
  53  4:58  Adept x2  
  53  4:59  Adept  
  62  5:16  Pylon  
  62  5:17  Pylon  
  62  5:21  Adept x3  
  62  5:22  Adept x3  
  74  5:42  Adept x4  
  80  5:43  Adept x2  
  80  5:49  Pylon  
  86  5:52  Pylon  
Show
View Real Time Build Order
Export as new Build Order

Gannicus Zerg 

Build Orders: Hatch First 

Get SALT Encoding   

  12  0:01  Drone  
  13  0:10  Drone  
  13  0:13  Extractor  
  13  0:16  Drone  
  14  0:22  Drone, Extractor  
  16  0:44  Hatchery  
  16  0:49  Extractor  
  14  0:51  Overlord  
  14  0:58  Drone, Extractor  
  15  1:12  Spawning Pool  
  15  1:16  Drone  
  15  1:21  Drone  
  15  1:24  Drone  
  17  1:28  Drone  
  18  1:38  Drone  
  19  1:51  Drone  
  20  1:59  Metabolic Boost  
  20  2:00  Queen  
  22  2:06  Queen  
  24  2:20  Drone x4  
  28  2:27  Overlord  
  28  2:48  Lair  
  28  2:50  Drone  
  28  2:51  Drone x2, Extractor  
  30  2:52  Zergling x4  
  32  3:01  Queen  
  32  3:15  Drone x2  
  32  3:16  Drone x2  
  36  3:30  Evolution Chamber  
  36  3:32  Drone  
  36  3:33  Evolution Chamber  
  35  3:35  Overlord  
  35  3:40  Drone  
  36  3:45  Spore Crawler  
  31  4:08  Drone x5  
  31  4:09  Drone x3  
  39  4:10  Drone x3  
  41  4:17  Hydralisk Den  
  40  4:55  Hatchery  
  39  5:05  Lurker Den  
  38  5:07  Drone x2  
  38  5:08  Drone  
  38  5:10  Drone x2  
  43  5:14  Extractor  
  43  5:16  Extractor  
  43  5:18  Drone x2, Spine Crawler  
  43  5:19  Drone, Overlord  
  43  5:39  Overseer  
  43  5:40  Hydralisk  
  43  5:41  Hydralisk  
  47  5:51  Drone x3  
  47  5:52  Spine Crawler  
  51  6:00  Roach Warren  
Tags
 
Add a new tag
Caveats
  • Supply blocks, unpowered buildings, or Contaminate may cause inaccurate times.
  • Supply counts are checked every 10 seconds.